 Dungeon Crawl Stone Soup version 0.20.1-1-g8b1a95d (webtiles) character file.

353 tidbits the Insei (level 6, -2/48 HPs)
             Began as a Demigod Warper on Aug 23, 2017.
             Slain by a gnoll
             ... wielding a +0 spear
              (3 damage)
             ... on level 5 of the Dungeon.
             The game lasted 00:09:47 (1408 turns).

tidbits the Insei (Demigod Warper)                  Turns: 1408, Time: 00:09:48

Health: -2/48      AC:  6    Str: 19      XL:     6   Next: 12%
Magic:  3/11       EV: 11    Int: 18 (19) God:
Gold:   107        SH:  0    Dex: 17      Spells: 4/8 levels left

rFire    . . .     SeeInvis .     - Unarmed
rCold    . . .     Gourm    .   (no shield)
rNeg     . . .     Faith    .   B - +0 ring mail (curse)
rPois    .         Spirit   .   (no helmet)
rElec    .         Reflect  .   C - +0 cloak
rCorr    .         Harm     .   (no gloves)
MR       .....                  (no boots)
Stlth    +.........             (no amulet)
Regen    0.2/turn               (no ring)
MPRegen  0.2/turn               (no ring)

@: mighty, very slightly contaminated
A: high mp 1
a: no special abilities


You were on level 5 of the Dungeon.
You were not hungry.

You visited 1 branch of the dungeon, and saw 5 of its levels.

You collected 107 gold pieces.

Inventory:

Hand Weapons
 a - a +0 whip
 g - a +0 club
Missiles
 d - 5 tomahawks of dispersal (quivered) {!f}
 e - 29 sling bullets
 j - 20 poisoned needles
 k - 12 arrows
Armour
 r - a +0 leather armour
 B - a cursed +0 ring mail (worn)
 C - a +0 cloak (worn)
Scrolls
 c - a scroll of blinking
 h - a scroll of enchant armour {unknown}
 l - a scroll of identify {unknown}
 m - a scroll of recharging {unknown}
Potions
 i - a potion of curing
Books
 b - a book of Spatial Translocations

   Spells                             Type                      Level
   a - Blink                          Translocation                2
   b - Shroud of Golubria             Charms/Translocation         2
   c - Lesser Beckoning               Translocation                3
   d - Gell's Gravitas                Translocation                3
   e - Teleport Other                 Translocation                3
   f - Passage of Golubria            Translocation                4
Comestibles
 f - 3 bread rations
 n - a chunk of flesh
 q - a meat ration


   Skills:
 - Level 1.7 Fighting
 - Level 0.8 Throwing
 - Level 0.8 Armour
 - Level 1.7 Dodging
 + Level 6.2 Unarmed Combat
 - Level 1.7 Spellcasting
 - Level 2.6 Translocations


You had 4 spell levels left.
You knew the following spells:

 Your Spells              Type           Power        Failure   Level  Hunger
b - Blink                 Tloc           N/A          16%         2    ###....
g - Shroud of Golubria    Chrm/Tloc      #.........   28%         2    ###....


Dungeon Overview and Level Annotations

Branches:
Dungeon (5/15)
 Temple: D:4-7


Innate Abilities, Weirdness & Mutations

You have an increased reservoir of magic. (+10% MP)


Message History

The adder skeleton closely misses you.
The howler monkey hoots and howls with incredible vigour!
You hear a shout!
You punch the adder skeleton!
You destroy the adder skeleton!
You punch the howler monkey!
The howler monkey is moderately wounded.
The howler monkey completely misses you.
You punch the howler monkey!
The howler monkey is severely wounded.
The howler monkey hoots and howls with incredible vigour!
You hear an angry hiss.
You completely miss the howler monkey.
The howler monkey is severely wounded.
The howler monkey hits you.
* * * LOW HITPOINT WARNING * * *
You barely miss the howler monkey.
The howler monkey is severely wounded.
The howler monkey barely misses you.
You punch the howler monkey!
You kill the howler monkey!
You feel your intelligence returning.
You now have 107 gold pieces (gained 10).
You see here a howler monkey corpse.
Okay, then.
You butcher the howler monkey corpse.
n - 2 chunks of flesh Eat one of 2 chunks of flesh? (ye/n/q)
You eat one of the 2 chunks of flesh.
This raw flesh tastes terrible.
Something unseen opens the door.
A gnoll comes into view. It is wielding a flail.
You see here a viscous golden potion.
Casting: Shroud of Golubria
Confirm with . or Enter, or press ? or * to list all spells.
Space distorts slightly along a thin shroud covering your body.
A gnoll sergeant comes into view. It is wielding an enchanted spear.
The ice beast hits you but does no damage.
You hit the ice beast.
The ice beast is lightly wounded.
The ice beast closely misses you.
You punch the ice beast!
The ice beast is heavily wounded.
The ice beast closely misses you.
You completely miss the ice beast.
The ice beast is heavily wounded.
Your shroud bends the ice beast's attack away.
The gnoll sergeant hits you from afar with an enchanted spear.
* * * LOW HITPOINT WARNING * * *
A gnoll comes into view. It is wielding a spear.
You closely miss the ice beast.
The ice beast is heavily wounded.
The ice beast hits you but does no damage.
Your shroud bends the gnoll sergeant's attack away.
A gnoll comes into view. It is wielding a spear.
You punch the ice beast!
You kill the ice beast!
Your Unarmed Combat skill increases to level 6!
You have reached level 6!
Your experience leads to a dramatic increase in your attributes!
Your base attributes are Str 14, Int 19, Dex 15.
Increase (S)trength, (I)ntelligence, or (D)exterity?
You feel agile. x2
The gnoll sergeant closely misses you.
Your shroud begins to fray at the edges.
Found a stone staircase leading up.
Casting: Shroud of Golubria
Confirm with . or Enter, or press ? or * to list all spells.
You miscast Shroud of Golubria.
Nothing appears to happen.
Casting: Shroud of Golubria
Confirm with . or Enter, or press ? or * to list all spells.
You miscast Shroud of Golubria.
Your hands glow momentarily.
Your shroud unravels.
You hit the gnoll sergeant.
The gnoll sergeant is moderately wounded.
You hit the gnoll sergeant.
The gnoll sergeant is moderately wounded.
The gnoll sergeant hits you with an enchanted spear.
* * * LOW HITPOINT WARNING * * *
You punch the gnoll sergeant!
The gnoll sergeant is severely wounded.
The gnoll hits you with a flail.
* * * LOW HITPOINT WARNING * * *
You feel better. The gnoll sergeant barely misses you.
The gnoll hits you with a flail.
* * * LOW HITPOINT WARNING * * *
You barely miss the gnoll sergeant.
The gnoll sergeant is severely wounded.
The gnoll sergeant hits you with an enchanted spear.
* * * LOW HITPOINT WARNING * * *
The gnoll hits you from afar with a spear.
* * * LOW HITPOINT WARNING * * *
The gnoll misses you.
You barely miss the gnoll sergeant.
The gnoll sergeant is severely wounded.
The gnoll sergeant hits you with an enchanted spear!
* * * LOW HITPOINT WARNING * * *
The gnoll hits you from afar with a spear.
You die...

#...######....##...##..#
#..##...##.............#
#...#........g.........#
+...'..........!.......#
#%..#..................#
#....###.######..##....#..#
##### #########.g##########
........#g......#
.<.....@#.......#
.#.....ggg.....##
###############


You could see a gnoll sergeant and 2 gnolls.

Vanquished Creatures
  An ice beast (D:5)
  A howler monkey (D:5)
  A centaur skeleton (D:4)
  An orc priest (D:3)
  3 iguanas (D:4)
  4 gnolls (D:3)
  An adder (D:3)
  An adder skeleton (D:5)
  A dart slug (D:2)
  3 leopard geckos
  3 orcs (D:3)
  2 giant cockroaches
  A goblin (D:2)
  4 hobgoblins
  3 kobolds
  A ball python (D:5)
  6 bats
  2 rats
39 creatures vanquished.

Notes
Turn   | Place    | Note
-------+----------+-------------------------------------------
     0 | D:1      | tidbits the Demigod Warper began the quest for the Orb.
     0 | D:1      | Reached XP level 1. HP: 17/17 MP: 5/5
   117 | D:1      | Reached skill level 2 in Unarmed Combat
   522 | D:1      | Reached XP level 2. HP: 13/24 MP: 7/7
   526 | D:1      | Learned a level 2 spell: Blink
   529 | D:1      | Learned a level 2 spell: Shroud of Golubria
   852 | D:2      | Reached skill level 3 in Unarmed Combat
   898 | D:3      | Reached XP level 3. HP: 28/29 MP: 8/8
   914 | D:3      | Reached skill level 4 in Unarmed Combat
   914 | D:3      | Reached XP level 4. HP: 19/36 MP: 9/9
  1131 | D:5      | Entered Level 5 of the Dungeon
  1237 | D:4      | Reached skill level 5 in Unarmed Combat
  1237 | D:4      | Reached XP level 5. HP: 23/41 MP: 6/10
  1283 | D:4      | Found an iron altar of Okawaru.
  1340 | D:5      | HP: 4/41 [howler monkey (5)]
  1345 | D:5      | Noticed an ice beast
  1395 | D:5      | Killed an ice beast
  1395 | D:5      | Reached skill level 6 in Unarmed Combat
  1395 | D:5      | Reached XP level 6. HP: 15/48 MP: 5/11
  1408 | D:5      | HP: 1/48 [gnoll sergeant/enchanted spear (9)]
  1408 | D:5      | Slain by a gnoll

Skill      XL: |  1  2  3  4  5 |
---------------+----------------+-----
Unarmed Combat | 2 3 4 5 6 |  6.2
Fighting       | |  1.7
Throwing       | |  0.8
Armour         | |  0.8
Dodging        | |  1.7
Spellcasting   | |  1.7
Translocations | |  2.6

Action                   |  1- 3 |  4- 6 || total
-------------------------+-------+-------++-------
Melee: Club              |    56 |       ||    56
       Unarmed           |    13 |   103 ||   116
       Punch             |     1 |       ||     1
       Whip              |    55 |       ||    55
 Cast: Shroud of Golubri |       |     5 ||     5
  Use: Scroll            |     5 |       ||     5
       Potion            |     4 |     6 ||    10
 Stab: Invisible         |       |     5 ||     5
  Eat: Chunk             |       |     3 ||     3
Armor: Leather armour    |    18 |       ||    18
       Ring mail         |    34 |    26 ||    60
       Skin              |       |     2 ||     2
Dodge: Dodged            |   116 |    46 ||   162

Table legend:
 A = Turns spent in this place as a percentage of turns spent in the entire game.
 B = Non-inter-level travel turns spent in this place as a percentage of non-inter-level travel turns spent in the entire game.
 C = Inter-level travel turns spent in this place as a percentage of turns spent in this place.
 D = Turns resting spent in this place as a percentage of non-inter-level travel turns spent in this place.
 E = Turns spent auto-exploring this place as a percentage of non-inter-level travel turns spent in this place.
 F = Non-inter-level travel turns spent in this place divided by the number of levels of this place that you've seen.
                   A       B       C       D       E      F
               +-------+-------+-------+-------+-------+----------------------
         Total | 100.0 | 100.0 |   0.2 |   0.0 |   0.0 | 246.2
       Dungeon | 100.0 | 100.0 |   0.2 |   0.0 |   0.0 | 246.2
               +-------+-------+-------+-------+-------+----------------------

Table legend:
 A = Kills in this place as a percentage of kills in entire the game.
 B = Kills by you in this place as a percentage of kills by you in the entire game.
 C = Kills by friends in this place as a percentage of kills by friends in the entire game.
 D = Other kills in this place as a percentage of other kills in the entire game.
 E = Experience gained in this place as a percentage of experience gained in the entire game.
 F = Experience gained in this place divided by the number of levels of this place that you have seen.
                   A       B       C       D       E      F
               +-------+-------+-------+-------+-------+----------------------
         Total | 100.0 | 100.0 |  -nan |  -nan | 100.0 | 101.0
       Dungeon | 100.0 | 100.0 |  -nan |  -nan | 100.0 | 101.0
               +-------+-------+-------+-------+-------+----------------------

Vault maps used:
D:1:      kilobyte_arrival_exit_the_forest, minmay_box_of_dots
D:2:      marbit_many_paths, first_bread, minmay_misc_feat_alley, uniq_terence
D:3:      tgw_sif, chequers_ecumenical_altar_twisty
D:4:      grunt_gozag_statues, okawaru_ov_weapons_minmay
D:5:      elyvilon_altar_5, grunt_ministairs_6
